 Dungeon Crawl Stone Soup version 0.25.1-2-g60ff931df9 (webtiles) character file.

Game seed: 4063944202673367233

97 hawla the Slasher (level 4, -4/38 HPs)
             Began as a Minotaur Gladiator on Nov 4, 2020.
             Slain by Sigmund
             ... wielding a +6 scythe of freezing
              (14 damage)
             ... on level 2 of the Dungeon.
             The game lasted 00:03:00 (1572 turns).

hawla the Slasher (Minotaur Gladiator)              Turns: 1572, Time: 00:03:01

Health: -4/38      AC:  4    Str: 19    XL:     4   Next: 42%
Magic:  3/3        EV: 13    Int:  5    God:
Gold:   35         SH:  0    Dex: 12    Spells: 3/3 levels left

rFire    . . .     SeeInvis .   h - +1 short sword (drain)
rCold    . . .     Gourm    .   (no shield)
rNeg     . . .     Faith    .   b - +0 leather armour
rPois    .         Spirit   .   c - +0 hat
rElec    .         Reflect  .   (no cloak)
rCorr    .         Harm     .   e - +0 pair of gloves
MR       .....                  (no boots)
Stlth    +.........             j - amulet of magic regeneration
HPRegen  0.12/turn              (no ring)
MPRegen  0.33/turn              (no ring)

@: brilliant, lightly drained
A: retaliatory headbutt, horns 2
a: no special abilities


You were on level 2 of the Dungeon.
You were not hungry.

You visited 1 branch of the dungeon, and saw 2 of its levels.

You collected 35 gold pieces.

Inventory:

Hand Weapons
 a - a +0 long sword
 h - a +1 short sword of draining (weapon)
Missiles
 d - 3 throwing nets
 l - 6 poisoned darts (quivered)
Armour
 b - a +0 leather armour (worn)
 c - a +0 hat (worn)
 e - a +0 pair of gloves (worn)
Jewellery
 j - an amulet of magic regeneration (around neck)
Scrolls
 k - a scroll of enchant armour {unknown}
Comestibles
 f - 4 rations
 g - 9 chunks of flesh


   Skills:
 + Level 3.0(2.9) Fighting
 + Level 4.8 Long Blades
 + Level 2.0 Throwing
 + Level 1.0 Armour
 * Level 4.5(4.4) Dodging


You had 3 spell levels left.
You didn't know any spells.
Your spell library was empty.

Dungeon Overview and Level Annotations

Branches:
Dungeon (2/15)

Altars:

Annotations:
D:2 Sigmund


Innate Abilities, Weirdness & Mutations

You reflexively headbutt those who attack you in melee.
You have a pair of horns on your head.


Message History

The bullfrog croaks.
Throwing (i - inventory. (/) - cycle)
l - 8 poisoned darts (quivered)
Press: ? - help, Shift-Dir - straight line, f/p - bullfrog
Aim: a bullfrog You throw a poisoned dart.
Something hits you! Something freezes you.
Throwing (i - inventory. (/) - cycle)
l - 7 poisoned darts (quivered)
Press: ? - help, Shift-Dir - straight line, p - bullfrog You throw a poisoned dart.
The poisoned dart hits the bullfrog.
The bullfrog is poisoned.
Something hits you but does no damage.
You hit the bullfrog. You drain the bullfrog.
The bullfrog is heavily wounded.
The bullfrog hits you. Something hits you. Something freezes you.
* * * LOW HITPOINT WARNING * * *
The bullfrog hits you.
* * * LOW HITPOINT WARNING * * *
Unknown command.
It was a potion of brilliance.
You feel clever all of a sudden. The bullfrog completely misses you.
Something hits you!
You die...

. ### #.# #.. .... #######
#.########....#....). #
#.##....##.#.........
#.#.##.#...#.#.........
#####.#.##..$.>........####
........{......#...........
....(.(..F@...##...##.#####
(..##.###.##..##...##. # #
...###......##.## #
#####.###.###......####
............)..##......
######.#####..##...... #.#
..###.###. #.# ### #.# #.
#.# #.# #.


You could see a bullfrog (poisoned, drained).

Vanquished Creatures
  Robin (D:2)
  2 adders
  2 oozes (D:1)
  A dart slug (D:1)
  A leopard gecko (D:2)
  4 ball pythons
  4 bats
  A giant cockroach (D:1)
  20 goblins
  4 hobgoblins
  6 kobolds
  4 frilled lizards
  4 rats (D:1)
54 creatures vanquished.

Notes
Turn   | Place    | Note
-------+----------+-------------------------------------------
     0 | D:1      | hawla the Minotaur Gladiator began the quest for the Orb.
     0 | D:1      | Reached XP level 1. HP: 18/18 MP: 0/0
    40 | D:1      | Reached XP level 2. HP: 20/25 MP: 1/1
   643 | D:1      | Reached XP level 3. HP: 30/30 MP: 2/2
  1284 | D:1      | Reached XP level 4. HP: 28/37 MP: 3/3
  1394 | D:2      | Noticed Robin
  1399 | D:2      | Killed Robin
  1559 | D:2      | Noticed Sigmund
  1562 | D:2      | Reached skill level 1 in Armour
  1564 | D:2      | Noticed a bullfrog
  1572 | D:2      | Slain by Sigmund

Illustrated notes

Levels and vault maps discovered:
D:1:      dpeg_arrival_subterranean_lakeside_camping, layout_loops_ring,
          serial_glass, glass_columns_a, glass_columns_b, corexii_corridor_pit,
          minmay_shallow_snake_nest
D:2:      layout_loops_ring, marbit_many_paths, kennysheep_minor_cross,
          uniq_robin, uniq_sigmund

Skill      XL: |  1  2  3  4 |
---------------+-------------+-----
Dodging        | 4 |  4.5
Long Blades    | 4 |  4.8
Fighting       | 3 |  3.0
Armour         | 1 |  1.0
Throwing       | |  2.0

Action                   |  1- 3 |  4- 6 || total
-------------------------+-------+-------++-------
Melee: Long sword        |    64 |       ||    64
       Headbutt          |    13 |     2 ||    15
       Short sword       |       |    18 ||    18
Throw: Dart              |       |     3 ||     3
  Use: Scroll            |     2 |       ||     2
       Potion            |     1 |     1 ||     2
  Eat: Chunk             |     1 |     1 ||     2
Armor: Leather armour    |    25 |     5 ||    30
Dodge: Dodged            |    63 |    15 ||    78
       Rpst.: Long sword |    18 |       ||    18
